 Dungeon Crawl Stone Soup version 0.21.1-1-g345015f (webtiles) character file.

836 asishallab the Grasshopper (level 7, -2/61 HPs)
             Began as a Gnoll Warper on July 24, 2018.
             Was a Follower of Cheibriados.
             Slain by an ice beast (14 damage)
             ... on level 4 of the Dungeon on July 25, 2018.
             The game lasted 00:14:20 (4786 turns).

asishallab the Grasshopper (Gnoll Warper)           Turns: 4786, Time: 00:14:25

Health: -2/61      AC:  9    Str: 18    XL:     7   Next: 99%
Magic:  10/15      EV: 14    Int: 18    God:    Cheibriados [*.....]
Gold:   195        SH:  0    Dex: 18    Spells: 13/17 levels left

rFire    . . .     SeeInvis .   u - +2 war axe (venom)
rCold    . . .     Gourm    .   (no shield)
rNeg     . . .     Faith    +   t - +0 ring mail
rPois    .         Spirit   .   (helmet restricted)
rElec    .         Reflect  .   s - +2 cloak
rCorr    .         Harm     .   (no gloves)
MR       .....                  (no boots)
Stlth    ++........             r - amulet of faith
HPRegen  0.20/turn              l - +3 ring of strength
MPRegen  0.14/turn              (no ring)

@: shrouded, very slightly contaminated, very slow
A: distributed training, fangs 1, horns 1, robust 1, evolution 1, MP-powered
wands, strong nose
a: Bend Time, Renounce Religion


You were on level 4 of the Dungeon.
You worshipped Cheibriados.
Cheibriados was aware of your devotion.
You were not hungry.

You visited 1 branch of the dungeon, and saw 5 of its levels.

You collected 195 gold pieces.

Inventory:

Hand Weapons
 e - a +2 short sword of freezing
 u - a +2 war axe of venom (weapon)
 v - a +0 war axe of flaming
Missiles
 g - 58 sling bullets
 j - 166 stones (quivered)
Armour
 b - a +0 leather armour
 s - a +2 cloak (worn)
 t - a +0 ring mail (worn)
Jewellery
 l - a +3 ring of strength (left hand)
 r - an amulet of faith (around neck)
Scrolls
 d - 4 scrolls of blinking
 i - 3 scrolls of remove curse
 n - 3 scrolls of teleportation
 p - a scroll of identify
Potions
 k - a potion of brilliance
Books
 c - a book of Spatial Translocations

   Spells                             Type                      Level
   a - Blink                          Translocation                2
   b - Shroud of Golubria             Charms/Translocation         2
   c - Lesser Beckoning               Translocation                3
   d - Gell's Gravitas                Translocation                3
   e - Teleport Other                 Translocation                3
   f - Passage of Golubria            Translocation                4
Comestibles
 a - a chunk of flesh
 f - 6 rations


   Skills:
 + Level 5.4 Fighting
 + Level 2.7 Short Blades
 + Level 2.7 Long Blades
 + Level 5.4 Axes
 + Level 2.7 Maces & Flails
 + Level 2.7 Polearms
 + Level 2.7 Staves
 + Level 2.7 Slings
 + Level 2.7 Bows
 + Level 2.7 Crossbows
 + Level 3.8 Throwing
 + Level 3.8 Armour
 + Level 5.4 Dodging
 + Level 2.7 Stealth
 + Level 2.7 Shields
 + Level 2.7 Unarmed Combat
 + Level 5.7 Spellcasting
 + Level 2.2 Conjurations
 + Level 2.2 Hexes
 + Level 2.2 Charms
 + Level 2.2 Summonings
 + Level 2.2 Necromancy
 + Level 5.9 Translocations
 + Level 2.2 Transmutations
 + Level 2.2 Fire Magic
 + Level 2.2 Ice Magic
 + Level 2.2 Air Magic
 + Level 2.2 Earth Magic
 + Level 2.2 Poison Magic
 + Level 3.0 Invocations
 + Level 2.7 Evocations


You had 13 spell levels left.
You knew the following spells:

 Your Spells              Type           Power        Failure   Level  Hunger
a - Blink                 Tloc           N/A          2%          2    None
b - Shroud of Golubria    Chrm/Tloc      ###.......   6%          2    None


Dungeon Overview and Level Annotations

Branches:
Dungeon (5/15)
 Temple: D:4-7

Altars:
Cheibriados
Zin

Annotations:
D:5 Eustachio


Innate Abilities, Weirdness & Mutations

Your experience applies equally to all skills.
You have very sharp teeth.
Your uncanny sense of smell can sniff out nearby items.
You have a pair of small horns on your head.
You are robust. (+10% HP)
You evolve.
You expend magic power (3 MP) to strengthen your wands.


Message History

The ice beast seems to slow down.
Cheibriados rebukes the ogre.
The ogre seems to slow down.
You feel slightly more hungry. Something hits you but does no damage.
The ice beast misses you. The ogre barely misses you.
You climb upwards.
There is a stone staircase leading down here.
You hit the ogre. You bite the ogre.
The ogre is almost dead.
You closely miss the ice beast. You closely miss something.
You kill the ogre!
Your Invocations skill increases to level 3!
Something hits you but does no damage.
Casting: Shroud of Golubria
Confirm with . or Enter, or press ? or * to list all spells.
Space distorts slightly along a thin shroud covering your body.
The ice beast hits you.
* * * LOW HITPOINT WARNING * * *
The ice beast freezes you!
You die...

#########
##########.....Y.#
...............)@#
##########.......#
####.....#.......#
.......#.#######.#########
.....).#.# #.............#
.......#.###.............#
.......#.................#
.......#.................#
######.#....####'#########


You could see an ice beast.

Vanquished Creatures
  Menkaure (D:5)
  An ogre (D:4)
  A bullfrog zombie (D:5)
  3 orc priests
  2 hounds
  5 orc wizards
  Natasha (thrice) (D:3)
  A worker ant (D:4)
  Robin (D:3)
  3 gnolls (D:4)
  10 adders
  2 adder skeletons
  3 worms
  2 leopard geckos
  12 orcs
  10 bats
  2 giant cockroaches (D:1)
  12 goblins
  9 hobgoblins
  3 jackals (D:3)
  6 kobolds
  2 quokkas (D:3)
  5 frilled lizards
  3 rats (D:1)
102 creatures vanquished.

Notes
Turn   | Place    | Note
-------+----------+-------------------------------------------
     0 | D:1      | asishallab the Gnoll Warper began the quest for the Orb.
     0 | D:1      | Reached XP level 1. HP: 20/20 MP: 6/6
   490 | D:1      | Reached XP level 2. HP: 26/26 MP: 7/7
   697 | D:1      | Learned a level 2 spell: Blink
   700 | D:1      | Learned a level 2 spell: Shroud of Golubria
   784 | D:1      | Gained mutation: You are weak. (Str -2) [potion of mutation]
   784 | D:1      | Gained mutation: You have a somewhat thin skeletal structure. (Dex +2, Stealth) [potion of mutation]
   784 | D:1      | Lost mutation: You are weak. (Str -2) [potion of mutation]
   784 | D:1      | Gained mutation: You have sharp toenails. [potion of mutation]
   853 | D:1      | Reached XP level 3. HP: 25/31 MP: 9/9
  1190 | D:2      | Reached skill level 5 in Spellcasting
  1539 | D:2      | Reached skill level 1 in Invocations
  1555 | D:2      | Reached skill level 1 in Short Blades
  1555 | D:2      | Reached skill level 1 in Long Blades
  1555 | D:2      | Reached skill level 1 in Maces & Flails
  1555 | D:2      | Reached skill level 1 in Polearms
  1555 | D:2      | Reached skill level 1 in Staves
  1555 | D:2      | Reached skill level 1 in Slings
  1555 | D:2      | Reached skill level 1 in Bows
  1555 | D:2      | Reached skill level 1 in Crossbows
  1555 | D:2      | Reached skill level 1 in Stealth
  1555 | D:2      | Reached skill level 1 in Shields
  1555 | D:2      | Reached skill level 1 in Unarmed Combat
  1555 | D:2      | Reached skill level 1 in Evocations
  1689 | D:2      | Reached XP level 4. HP: 32/38 MP: 8/11
  1968 | D:3      | Noticed Natasha
  1979 | D:3      | Killed Natasha
  2181 | D:3      | Found a snail-covered altar of Cheibriados.
  2223 | D:3      | Reached skill level 1 in Conjurations
  2223 | D:3      | Reached skill level 1 in Hexes
  2223 | D:3      | Reached skill level 1 in Charms
  2223 | D:3      | Reached skill level 1 in Summonings
  2223 | D:3      | Reached skill level 1 in Necromancy
  2223 | D:3      | Reached skill level 1 in Transmutations
  2223 | D:3      | Reached skill level 1 in Fire Magic
  2223 | D:3      | Reached skill level 1 in Ice Magic
  2223 | D:3      | Reached skill level 1 in Air Magic
  2223 | D:3      | Reached skill level 1 in Earth Magic
  2223 | D:3      | Reached skill level 1 in Poison Magic
  2227 | D:3      | Found a glowing silver altar of Zin.
  2331 | D:3      | Noticed Robin
  2426 | D:3      | Killed Robin
  2426 | D:3      | Reached XP level 5. HP: 34/43 MP: 10/12
  3305 | D:3      | Noticed Natasha
  3313 | D:3      | Killed Natasha
  3420 | D:3      | Noticed Natasha
  3430 | D:3      | Killed Natasha
  3560 | D:3      | Became a worshipper of Cheibriados the Contemplative
  3616 | D:4      | Reached XP level 6. HP: 50/50 MP: 13/13
  3722 | D:4      | Lost mutation: You have a somewhat thin skeletal structure. (Dex +2, Stealth) [potion of mutation]
  3722 | D:4      | Lost mutation: You have sharp toenails. [potion of mutation]
  3722 | D:4      | Gained mutation: You expend magic power (3 MP) to strengthen your wands. [potion of mutation]
  3722 | D:4      | Gained mutation: You evolve. [potion of mutation]
  3722 | D:4      | Gained mutation: You have a pair of small horns on your head. [potion of mutation]
  3876 | D:4      | Reached skill level 5 in Fighting
  3876 | D:4      | Reached skill level 5 in Axes
  3876 | D:4      | Reached skill level 5 in Dodging
  4191 | D:4      | Reached XP level 7. HP: 28/56 MP: 15/15
  4419 | D:4      | Gained mutation: You are robust. (+10% HP) [evolution]
  4598 | D:5      | Entered Level 5 of the Dungeon
  4707 | D:5      | Noticed Menkaure
  4716 | D:5      | Killed Menkaure
  4716 | D:5      | Reached * piety under Cheibriados
  4748 | D:5      | Noticed Eustachio
  4786 | D:4      | Slain by an ice beast

Skill      XL: |  1  2  3  4  5  6  7 |
---------------+----------------------+-----
Spellcasting   | 5 |  5.7
Invocations    | 1 2 3 |  3.0
Short Blades   | 1 2 |  2.7
Long Blades    | 1 2 |  2.7
Maces & Flails | 1 2 |  2.7
Polearms       | 1 2 |  2.7
Staves         | 1 2 |  2.7
Slings         | 1 2 |  2.7
Bows           | 1 2 |  2.7
Crossbows      | 1 2 |  2.7
Stealth        | 1 2 |  2.7
Shields        | 1 2 |  2.7
Unarmed Combat | 1 2 |  2.7
Evocations     | 1 2 |  2.7
Conjurations   | 1 2 |  2.2
Hexes          | 1 2 |  2.2
Charms         | 1 2 |  2.2
Summonings     | 1 2 |  2.2
Necromancy     | 1 2 |  2.2
Transmutations | 1 2 |  2.2
Fire Magic     | 1 2 |  2.2
Ice Magic      | 1 2 |  2.2
Air Magic      | 1 2 |  2.2
Earth Magic    | 1 2 |  2.2
Poison Magic   | 1 2 |  2.2
Throwing       | 3 |  3.8
Armour         | 3 |  3.8
Fighting       | 5 |  5.4
Axes           | 5 |  5.4
Dodging        | 5 |  5.4
Translocations | |  5.9

Action                   |  1- 3 |  4- 6 |  7- 9 || total
-------------------------+-------+-------+-------++-------
Melee: Hand axe          |    90 |   150 |       ||   240
       Bite              |     7 |    21 |     4 ||    32
       Kick              |    14 |    36 |       ||    50
       War axe           |       |    15 |    35 ||    50
       Headbutt          |       |    11 |     9 ||    20
       Punch             |       |     1 |     2 ||     3
Throw: Tomahawk          |     5 |       |       ||     5
       Stone             |    14 |     6 |     8 ||    28
 Cast: Shroud of Golubri |     3 |     3 |     2 ||     8
Invok: Bend Time         |       |     6 |     1 ||     7
  Use: Potion            |     2 |     4 |     3 ||     9
       Scroll            |     2 |     3 |       ||     5
 Stab: Sleeping          |     4 |     3 |       ||     7
  Eat: Chunk             |     2 |     2 |     3 ||     7
       Ration            |       |     2 |       ||     2
Armor: Leather armour    |    21 |       |       ||    21
       Ring mail         |       |    39 |    11 ||    50
Dodge: Dodged            |    83 |    84 |    38 ||   205
